 Dungeon Crawl Stone Soup version 0.32-a0-485-g70f7560 (webtiles) character file.

Game seed: 4318664766730079341

39 Remcycle the Chopper (level 3, 0/31 HPs)
             Began as a Draconian Monk on Feb 26, 2024.
             Slain by Terence
             ... wielding a +0 mace
              (8 damage)
             ... on level 1 of the Dungeon.
             The game lasted 00:01:58 (1118 turns).

Remcycle the Chopper (Draconian Monk)               Turns: 1118, Time: 00:01:59

Health: 0/31       AC:  5    Str: 15    XL:     3   Next: 28%
Magic:  3/3        EV: 12    Int: 10    God:
Gold:   47         SH:  0    Dex: 13    Spells: 2/2 levels left

rFire   . . .        a - +0 hand axe
rCold   . . .        c - orb {light}
rNeg    . . .        (body armour unavailable)
rPois   .            (helmet restricted)
rElec   .            (no cloak)
rCorr   .            (no gloves)
SInv    .            (no boots)
Will    .....        (no amulet)
Stlth   +            (no ring)
HPRegen 0.25/turn    (no ring)
MPRegen 0.08/turn

%: no passive effects
@: glowing
A: AC +5, unfitting armour, cold-blooded
a: no special abilities


You were on level 1 of the Dungeon.
You visited 1 branch of the dungeon, and saw 2 of its levels.

You collected 47 gold pieces.

Inventory:

Hand Weapons
 a - a +0 hand axe (weapon)
Armour
 c - an orb of light (worn)
Jewellery
 e - a ring of positive energy
Scrolls
 d - 2 scrolls of identify {unknown}
 f - a scroll of noise {unknown}
 g - a scroll of fog {unknown}
Potions
 h - 2 potions of curing {unknown}


   Skills:
 - Level 3.2 Fighting
 + Level 4.4 Axes
 - Level 2.6 Dodging


You had 2 spell levels left.
You didn't know any spells.
Your spell library contained the following spells:

 Spells                   Type           Power      Damage    Failure   Level
 Tukima's Dance           Hex            0%         N/A       75%         3
 Dimensional Bullseye     Hex/Tloc       0%         N/A       98%         4
 Iskenderun's Mystic Bla  Conj/Tloc      0%         2d3       98%         4


Dungeon Overview and Level Annotations

Branches:
Dungeon (2/15)

Altars:

Shops:
D:1 =

Annotations:
D:1 Terence


Innate Abilities, Weirdness & Mutations

Your plain brown scales are hard. (AC +5)
You cannot fit into any form of body armour.
You are cold-blooded and may be slowed by cold attacks.


Message History

You barely miss Terence. Terence hits you with a +0 mace.
You hit Terence but do no damage. Terence hits you with a +0 mace.
You hit Terence but do no damage. Terence hits you with a +0 mace.
You barely miss Terence. Terence hits you with a +0 mace.
You barely miss Terence.
You tail-slap Terence, but do no damage.
Terence hits you with a +0 mace!
* * * LOW HITPOINT WARNING * * *
You are confused.
You feel invigorated. Terence closely misses you. Terence barely misses you.
You hit Terence. You tail-slap Terence.
Terence is lightly wounded.
Terence hits you with a +0 mace.
You slash Terence!
Terence is moderately wounded.
You feel less invigorated.
You feel less confused. Terence barely misses you.
You hit Terence but do no damage.
Terence is moderately wounded.
Terence hits you with a +0 mace.
You hit Terence but do no damage.
Terence is moderately wounded.
Terence closely misses you.
You hit Terence but do no damage.
Terence is moderately wounded.
Terence barely misses you.
You hit Terence but do no damage.
Terence is moderately wounded.
Terence closely misses you. Terence hits you with a +0 mace.
* * * LOW HITPOINT WARNING * * *
You barely miss Terence.
Terence is moderately wounded.
Terence closely misses you.
You hit Terence but do no damage.
Terence is moderately wounded.
Terence hits you with a +0 mace!
You die...
Terence says, "That felt goooood."

............# #.......#...#
####...#.##.## #.......'...#
#...#.....# ####'####...#
######..#.## #.# #...#
###.....########.######.###
#######......#.##.#.............)
......#.####...##..+##.######.###
##).....##.#.##>@##....# #.#
##........(#.##÷@##....######+##
.#.....###.#...##.÷...##.......#
.####'## #.###.##.#....+.......#
.# #.# #.....##.....##.......##
.####.# #####.#########.......'.
......# ######....# #....)..##
.###### #......##.# #....†....
.########.#######.# #####.#...
.......##.# #####.##########.#...


You could see Terence.

Vanquished Creatures
  3 ball pythons (D:1)
  3 endoplasms (D:1)
  5 goblins (D:1)
  3 hobgoblins (D:1)
  9 jackals (D:1)
  4 bats (D:1)
  2 frilled lizards (D:1)
  5 kobolds (D:1)
  2 rats (D:1)
36 creatures vanquished.

Notes
Turn   | Place    | Note
-------+----------+-------------------------------------------
     0 | D:1      | Remcycle the Draconian Monk began the quest for the Orb.
     0 | D:1      | Reached XP level 1. HP: 19/19 MP: 1/1
   129 | D:1      | Reached XP level 2. HP: 26/26 MP: 2/2
   397 | D:1      | Found Qoseuj's Jewellery Shoppe.
   407 | D:1      | Reached skill level 4 in Axes
   525 | D:1      | Reached XP level 3. HP: 28/31 MP: 3/3
  1089 | D:2      | Noticed Terence
  1118 | D:1      | Slain by Terence

Illustrated notes

Levels and vault maps discovered:
D:1:      lemuel_arrival_room, layout_basic, serial_shops, shop, st_stairs_7
D:2:      layout_basic, nicolae_ecumenical_lake_church, uniq_terence, uniq_robin

Skill      XL: |  1  2 |
---------------+-------+-----
Axes           | 4 |  4.4
Fighting       | |  3.2
Dodging        | |  2.6

Action                     || total
---------------------------++-------
  Melee: Hand axe          ||   101
         Tailslap          ||    16
    Use: Potion            ||     1
 Armour: Skin              ||    57
  Dodge: Dodged            ||    74

Table legend: (Time is in decaauts)
 A = Elapsed time spent in this place.
 B = Non-inter-level travel time spent in this place.
 C = Inter-level travel time spent in this place.
 D = Time resting spent in this place.
 E = Time spent auto-exploring this place.
 F = Levels seen in this place.
 G = Mean time per level.
                   A        B        C        D        E       F      G
               +--------+--------+--------+--------+--------+-----+--------+
         Total |   1130 |   1067 |     63 |      0 |    862 |   2 |  565.0 |
       Dungeon |   1130 |   1067 |     63 |      0 |    862 |   2 |  565.0 |
               +--------+--------+--------+--------+--------+-----+--------+

Top non-repeatable levels by time:
     D:1: 1117 daAuts
     D:2: 12 daAuts
